General information
- name: BNet
- type: Ladder team game (AT/RT)
- host: Battle.net
- saver: SERIOUSCRAFT
map: Slalom
- players: 8
- length: 18:25
- speed: Fast
- version: 1.24 W3XP
- replay type: Public
» download(108 KB)
Players
team 1 (loser)

»
Shmizz (
pink | 44 APM | 767 actions | 17:27)
4 Death Knight
2 Death Coil
2 Unholy Aura
1 Crypt Lord
1 Impale
» actions
| Basic commands | 78 | |
| Build / train | 36 | |
| Enter build submenu | 17 | |
| Enter hero's abilities submenu | 5 | |
| Right click | 317 | |
| Select / deselect | 274 | |
| Use ability | 40 | |
767 total
» units
| Acolyte | 2 | |
| Ghoul | 12 | |
| Abomination | 6 | |
20 total
» upgrades
| Unholy Armor | 2 | |
| Unholy Strength | 1 | |
| Disease Cloud | 1 | |
4 total
» buildings
| Ziggurat | 7 | |
| Altar of Darkness | 1 | |
| Crypt | 3 | |
| Tomb of Relics | 1 | |
| Halls of the Dead | 1 | |
| Graveyard | 1 | |
| Black Citadel | 1 | |
| Slaughterhouse | 3 | |
| Spirit Tower | 2 | |
20 total
» build order
00:07 Ziggurat
00:13 Altar of Darkness
01:02 Crypt
01:04 Crypt
01:09 Ziggurat
01:45 Crypt
02:21 Tomb of Relics
03:19 Ziggurat
04:41 Halls of the Dead
06:40 Graveyard
07:54 Black Citadel
08:51 Slaughterhouse
08:54 Slaughterhouse
08:58 Ziggurat
09:00 Slaughterhouse
09:02 Ziggurat
12:00 Ziggurat
13:32 Ziggurat
14:42 Spirit Tower
14:44 Spirit Tower
» items
Dorian12 (
purple | 47 APM | 829 actions | 17:30)
3 Paladin
1 Devotion Aura
2 Holy Light
3 Mountain King
2 Storm Bolt
1 Bash
» actions
| Assign group hotkey | 20 | |
| Basic commands | 34 | |
| Build / train | 51 | |
| Enter build submenu | 25 | |
| Enter hero's abilities submenu | 6 | |
| Give item / drop item | 1 | |
| Right click | 232 | |
| Select / deselect | 173 | |
| Select group hotkey | 239 | |
| Use ability | 48 | |
829 total
» units
| Peasant | 8 | |
| Rifleman | 2 | |
| Siege Engine | 4 | |
14 total
» upgrades
| Gunpowder | 3 | |
| Armor | 3 | |
| Barrage | 1 | |
| Lumber Harvesting | 2 | |
| Masonry | 1 | |
10 total
» buildings
| Farm | 10 | |
| Altar of Kings | 1 | |
| Barracks | 2 | |
| Blacksmith | 1 | |
| Keep | 2 | |
| Lumber Mill | 1 | |
| Castle | 1 | |
| Workshop | 2 | |
| Scout Tower | 5 | |
| Guard Tower | 6 | |
| Town Hall | 1 | |
32 total
» build order
01:28 Farm
01:30 Farm
01:33 Altar of Kings
01:37 Barracks
02:01 Blacksmith
02:05 Barracks
02:16 Farm
04:46 Farm
04:58 Keep
05:02 Farm
05:08 Farm
05:15 Farm
05:28 Lumber Mill
08:22 Castle
08:38 Workshop
08:41 Workshop
11:30 Farm
11:31 Farm
14:38 Scout Tower
14:44 Scout Tower
14:48 Scout Tower
14:57 Scout Tower
15:06 Scout Tower
15:13 Guard Tower
15:20 Guard Tower
15:21 Guard Tower
15:23 Guard Tower
16:00 Guard Tower
16:02 Town Hall
16:45 Farm
17:23 Keep
» items
| Rod of Necromancy | 6 | |
| Potion of Lesser Invulnerability | 1 | |
7 total
Fag_Muffn_3000 (
orange | 25 APM | 466 actions | 18:23)
4 Dreadlord
2 Vampiric Aura
1 Sleep
1 Carrion Swarm
» actions
| Assign group hotkey | 9 | |
| Basic commands | 12 | |
| Build / train | 41 | |
| Enter build submenu | 18 | |
| Enter hero's abilities submenu | 4 | |
| Remove unit from queue | 1 | |
| Right click | 158 | |
| Select / deselect | 138 | |
| Select group hotkey | 62 | |
| Use ability | 23 | |
466 total
» units
| Acolyte | 2 | |
| Ghoul | 10 | |
| Crypt Fiend | 9 | |
| Frost Wyrm | 1 | |
22 total
» upgrades
| Unholy Strength | 1 | |
| Creature Attack | 3 | |
| Creature Carapace | 2 | |
| Web | 1 | |
| Freezing Breath | 1 | |
8 total
» buildings
| Altar of Darkness | 1 | |
| Crypt | 2 | |
| Ziggurat | 5 | |
| Tomb of Relics | 1 | |
| Graveyard | 1 | |
| Halls of the Dead | 1 | |
| Black Citadel | 1 | |
| Slaughterhouse | 1 | |
| Sacrificial Pit | 1 | |
| Boneyard | 2 | |
| Necropolis | 1 | |
17 total
» build order
00:06 Altar of Darkness
00:09 Crypt
00:14 Ziggurat
01:04 Crypt
02:12 Tomb of Relics
02:36 Ziggurat
02:54 Graveyard
03:20 Ziggurat
05:02 Halls of the Dead
08:01 Black Citadel
09:10 Ziggurat
11:43 Slaughterhouse
11:52 Sacrificial Pit
12:29 Ziggurat
13:20 Boneyard
13:39 Boneyard
14:47 Necropolis
» items
| Potion of Healing | 2 | |
| Orb of Corruption | 1 | |
3 total

»
Tnoc_sMilE (
teal | 28 APM | 426 actions | 14:58)
4 Crypt Lord
2 Impale
2 Spiked Carapace
» actions
| Assign group hotkey | 14 | |
| Basic commands | 32 | |
| Build / train | 35 | |
| Enter build submenu | 13 | |
| Enter hero's abilities submenu | 4 | |
| Right click | 164 | |
| Select / deselect | 133 | |
| Select group hotkey | 10 | |
| Use ability | 21 | |
426 total
» units
| Acolyte | 2 | |
| Ghoul | 9 | |
| Abomination | 7 | |
| Obsidian Statue | 2 | |
20 total
» upgrades
| Unholy Strength | 3 | |
| Unholy Armor | 3 | |
| Disease Cloud | 1 | |
7 total
» buildings
| Ziggurat | 7 | |
| Crypt | 1 | |
| Altar of Darkness | 1 | |
| Graveyard | 1 | |
| Tomb of Relics | 1 | |
| Halls of the Dead | 1 | |
| Black Citadel | 1 | |
| Slaughterhouse | 2 | |
| Spirit Tower | 1 | |
16 total
» build order
00:13 Ziggurat
00:15 Crypt
00:20 Altar of Darkness
01:21 Ziggurat
02:06 Graveyard
02:35 Tomb of Relics
03:09 Ziggurat
03:13 Halls of the Dead
05:37 Black Citadel
07:38 Slaughterhouse
07:40 Slaughterhouse
07:44 Ziggurat
11:45 Ziggurat
11:47 Ziggurat
11:49 Ziggurat
14:30 Spirit Tower
team 2 (winner)

»
OldManPlaying (
yellow | 30 APM | 553 actions | 18:24)
6 Shadow Hunter
2 Healing Wave
3 Serpent Ward
1 Big Bad Voodoo
» actions
| Assign group hotkey | 7 | |
| Basic commands | 15 | |
| Build / train | 73 | |
| Enter build submenu | 14 | |
| Enter hero's abilities submenu | 6 | |
| Right click | 181 | |
| Select / deselect | 136 | |
| Select group hotkey | 73 | |
| Use ability | 48 | |
553 total
» units
| Peon | 11 | |
| Troll Headhunter/Berserker | 27 | |
| Shaman | 15 | |
53 total
» upgrades
| Ranged Weapons | 3 | |
| Troll Regeneration | 1 | |
| Armor | 2 | |
| Shaman Training | 2 | |
| Berserker Upgrade | 1 | |
9 total
» buildings
| Altar of Storms | 1 | |
| Orc Burrow | 7 | |
| Barracks | 2 | |
| War Mill | 1 | |
| Voodoo Lounge | 1 | |
| Stronghold | 1 | |
| Spirit Lodge | 1 | |
| Fortress | 1 | |
| Great Hall | 1 | |
16 total
» build order
00:37 Altar of Storms
00:59 Orc Burrow
01:21 Barracks
01:42 War Mill
01:59 Orc Burrow
02:52 Orc Burrow
03:01 Barracks
03:26 Orc Burrow
04:32 Voodoo Lounge
04:44 Stronghold
08:44 Spirit Lodge
08:50 Fortress
11:01 Orc Burrow
11:02 Orc Burrow
11:03 Orc Burrow
12:22 Great Hall
» items
| Lesser Clarity Potion | 1 | |
| Orb of Lightning | 1 | |
2 total
SERIOUSCRAFT (
red | 44 APM | 819 actions | 18:25)
4 Paladin
2 Devotion Aura
1 Divine Shield
1 Holy Light
» actions
| Assign group hotkey | 8 | |
| Build / train | 70 | |
| Enter build submenu | 19 | |
| Enter hero's abilities submenu | 4 | |
| Right click | 341 | |
| Select / deselect | 158 | |
| Select group hotkey | 188 | |
| Use ability | 31 | |
819 total
» units
| Peasant | 21 | |
| Flying Machine | 19 | |
40 total
» upgrades
| Masonry | 3 | |
| Lumber Harvesting | 2 | |
| Gunpowder | 3 | |
| Plating | 3 | |
| Flak Cannons | 1 | |
| Flying Machine Bombs | 1 | |
13 total
» buildings
| Altar of Kings | 1 | |
| Lumber Mill | 1 | |
| Farm | 12 | |
| Scout Tower | 1 | |
| Arcane Vault | 1 | |
| Arcane Tower | 1 | |
| Keep | 1 | |
| Blacksmith | 2 | |
| Castle | 1 | |
| Workshop | 3 | |
| Guard Tower | 2 | |
| Town Hall | 2 | |
28 total
» build order
00:14 Altar of Kings
00:24 Lumber Mill
00:36 Farm
01:12 Scout Tower
01:14 Farm
01:39 Arcane Vault
01:42 Arcane Tower
03:12 Keep
03:25 Blacksmith
03:36 Blacksmith
03:41 Farm
03:42 Farm
06:11 Castle
06:19 Workshop
06:22 Workshop
06:23 Workshop
07:01 Guard Tower
07:05 Guard Tower
08:44 Town Hall
08:47 Town Hall
09:08 Farm
09:10 Farm
10:40 Farm
10:41 Farm
10:41 Farm
12:45 Farm
12:46 Farm
12:46 Farm
» items
| Ivory Tower | 6 | |
| Orb of Lightning | 1 | |
7 total
heavylifter11 (
blue | 37 APM | 681 actions | 18:24)
6 Tauren Chieftain
2 War Stomp
3 Endurance Aura
1 Reincarnation
2 Shadow Hunter
1 Healing Wave
1 Hex
» actions
| Assign group hotkey | 8 | |
| Basic commands | 22 | |
| Build / train | 54 | |
| Enter build submenu | 17 | |
| Enter hero's abilities submenu | 10 | |
| Give item / drop item | 2 | |
| Remove unit from queue | 1 | |
| Right click | 288 | |
| Select / deselect | 179 | |
| Select group hotkey | 38 | |
| Use ability | 62 | |
681 total
» units
» upgrades
| Melee Weapons | 2 | |
| Armor | 2 | |
| Spiked Barricades | 1 | |
| Shaman Training | 2 | |
| Pulverize | 1 | |
| Reinforced Defenses | 1 | |
9 total
» buildings
| Altar of Storms | 1 | |
| Orc Burrow | 6 | |
| War Mill | 1 | |
| Stronghold | 1 | |
| Voodoo Lounge | 1 | |
| Fortress | 1 | |
| Spirit Lodge | 1 | |
| Watch Tower | 2 | |
| Tauren Totem | 2 | |
16 total
» build order
00:08 Altar of Storms
00:11 Orc Burrow
01:40 War Mill
02:05 Stronghold
02:24 Orc Burrow
02:39 Voodoo Lounge
04:28 Fortress
05:15 Orc Burrow
05:33 Spirit Lodge
05:52 Orc Burrow
06:15 Watch Tower
06:29 Watch Tower
07:14 Tauren Totem
07:45 Tauren Totem
11:55 Orc Burrow
15:24 Orc Burrow
» items
| Lesser Clarity Potion | 3 | |
| Healing Salve | 3 | |
| Potion of Mana | 2 | |
| Potion of Healing | 1 | |
| Scroll of Town Portal | 2 | |
| Orb of Lightning | 2 | |
| Potion of Lesser Invulnerability | 1 | |
14 total
Waffle)Eat0rs (
green | 72 APM | 1329 actions | 18:24)
4 Blademaster
2 Wind Walk
2 Critical Strike
» actions
| Assign group hotkey | 27 | |
| Build / train | 38 | |
| Enter build submenu | 10 | |
| Enter hero's abilities submenu | 4 | |
| Give item / drop item | 1 | |
| Remove unit from queue | 1 | |
| Right click | 974 | |
| Select / deselect | 169 | |
| Select group hotkey | 68 | |
| Use ability | 37 | |
1329 total
» units
| Peon | 10 | |
| Wind Rider | 4 | |
| Troll Batrider | 6 | |
20 total
» upgrades
| Liquid Fire | 1 | |
| Ranged Weapons | 2 | |
3 total
» buildings
| Altar of Storms | 1 | |
| Orc Burrow | 3 | |
| Voodoo Lounge | 1 | |
| Stronghold | 1 | |
| Fortress | 1 | |
| Beastiary | 4 | |
| War Mill | 1 | |
12 total
» build order
00:08 Altar of Storms
00:11 Orc Burrow
01:00 Voodoo Lounge
02:09 Orc Burrow
02:27 Stronghold
04:29 Orc Burrow
05:19 Fortress
05:25 Beastiary
05:27 Beastiary
05:50 Beastiary
06:37 War Mill
09:35 Beastiary
» items
| Healing Salve | 2 | |
| Lesser Clarity Potion | 3 | |
| Potion of Mana | 1 | |
| Potion of Healing | 1 | |
7 total
Chat log
(00:14 / Allies) heavylifter11: tech to touren
(00:18 / Allies) SERIOUSCRAFT: casters tanks
(00:24 / Allies) Waffle)Eat0rs: raiders/walkers
(00:27 / Allies) heavylifter11: copters
(00:29 / Allies) heavylifter11: r better
(00:29 / Allies) SERIOUSCRAFT: k
(00:31 / Allies) Waffle)Eat0rs: and omg i hate this map with a passion
(00:31 / Allies) heavylifter11: on this mao
(00:34 / Allies) heavylifter11: me 2
(00:39 / Allies) SERIOUSCRAFT: ill get mass gyros then
(00:42 / Allies) OldManPlaying: bats
(00:43 / Allies) heavylifter11: u can smoke their mains
(00:45 / Allies) heavylifter11: real easy
(00:47 / Allies) SERIOUSCRAFT: yup
(00:51 / Allies) Waffle)Eat0rs: hmm anyone getting bats?
(00:53 / Allies) heavylifter11: ok, so bats copters
(00:54 / Allies) heavylifter11: touren
(00:59 / Allies) heavylifter11: what u getting green
(01:08 / Allies) Waffle)Eat0rs: i said raiders/walkers
(01:14 / Allies) heavylifter11: and we should creeptogether
(01:15 / Allies) OldManPlaying: nah ill get hh and shaman
(01:18 / Allies) heavylifter11: it will be faster
(01:22 / Allies) SERIOUSCRAFT: get hh sham
(01:24 / Allies) Waffle)Eat0rs: yea
(01:46 / Allies) Waffle)Eat0rs: so who's getting bats ffs
(02:09 / Allies) SERIOUSCRAFT: someone get bats and we can copter/ bat their bases at the same time
(02:16 / Allies) Waffle)Eat0rs: ok i will
(02:17 / Allies) heavylifter11: i thought yellow was
(02:18 / Allies) heavylifter11: ok
(02:19 / Allies) heavylifter11: green
(02:28 / All) OldManPlaying: ok i will
(02:31 / Allies) Waffle)Eat0rs: i dont give a blowjob.
(02:32 / Allies) Waffle)Eat0rs: lol
(02:35 / All) Shmizz: ok
(02:44 / All) heavylifter11: stfu pink
(02:49 / All) Shmizz: ok
(02:51 / All) Waffle)Eat0rs: lol
(02:53 / All) Tnoc_sMilE: oh hi
(02:57 / All) heavylifter11: hey
(03:00 / All) Shmizz: hey girl hey
(03:05 / All) Shmizz: sorry
(03:19 / Allies) heavylifter11: we need all 4
(03:23 / Allies) heavylifter11: hgreen wait
(03:49 / Allies) heavylifter11: we need all 4
(03:52 / Allies) heavylifter11: told u guys
(04:22 / Allies) Waffle)Eat0rs: get pots
(04:27 / Allies) heavylifter11: fdo
(05:24 / Allies) SERIOUSCRAFT: can i take this exp
(05:27 / Allies) SERIOUSCRAFT: for copters
(05:34 / Allies) heavylifter11: ya
(05:35 / Allies) Waffle)Eat0rs: sure
(05:38 / Allies) heavylifter11: spare wood pls
(05:43 / Allies) Waffle)Eat0rs: im low
(06:06 / Allies) heavylifter11: fuck
(06:09 / Allies) Waffle)Eat0rs: damn it
(06:30 / Allies) heavylifter11: tower
(06:31 / Allies) heavylifter11: now
(06:33 / Allies) SERIOUSCRAFT: getting copters as fast as i can
(06:42 / Allies) heavylifter11: will have toren soon
(06:43 / Allies) Waffle)Eat0rs: wyvs
(06:44 / Allies) heavylifter11: survive this
(06:46 / Allies) heavylifter11: were ok
(06:55 / Allies) OldManPlaying: tp
(07:29 / Allies) heavylifter11: wood now pls
(08:08 / Allies) SERIOUSCRAFT: theyre bad
(08:14 / Allies) Waffle)Eat0rs: luckily
(08:14 / Allies) Waffle)Eat0rs: lol
(08:22 / Allies) heavylifter11: ya we could have gotten rocedk
(08:31 / Allies) SERIOUSCRAFT: gj
(08:34 / Allies) heavylifter11: ]
(08:39 / Allies) heavylifter11: workers red
(08:40 / Allies) heavylifter11: ya gj
(08:59 / Allies) Waffle)Eat0rs: ill need ressources
(09:48 / Allies) heavylifter11: kill their expos red
(10:13 / Allies) SERIOUSCRAFT: when you have bats we'll both attack
(10:25 / Allies) heavylifter11: who is both getting bats
(10:28 / Allies) Waffle)Eat0rs: upgrade done
(10:31 / Allies) Waffle)Eat0rs: me
(11:03 / Allies) Waffle)Eat0rs: 1 out 2 otw
(11:12 / Allies) Waffle)Eat0rs: let me get 5-6 and we'll go
(11:16 / Allies) SERIOUSCRAFT: you need at least 8
(11:19 / Allies) Waffle)Eat0rs: kk
(11:26 / Allies) heavylifter11: not with copters
(11:29 / Allies) heavylifter11: u guys can go with a few bats
(11:31 / Allies) heavylifter11: and copters
(11:38 / Allies) SERIOUSCRAFT: just need bats so they cant repair
(12:00 / Allies) Waffle)Eat0rs: 2 more otw
(12:01 / Allies) Waffle)Eat0rs: then we go
(12:04 / Allies) SERIOUSCRAFT: yep
(13:08 / Allies) Waffle)Eat0rs: lets go red
(13:09 / Allies) heavylifter11: u guys rdy?
(13:10 / Allies) Waffle)Eat0rs: expo
(13:12 / Allies) SERIOUSCRAFT: ok
(13:17 / Allies) SERIOUSCRAFT: grn and i hit here
(13:18 / Allies) heavylifter11: take expos guys
(13:19 / Allies) Waffle)Eat0rs: yellow my hero's following
(13:26 / Allies) heavylifter11: heal em red
(13:27 / Allies) heavylifter11: psl
(13:44 / Allies) heavylifter11: red
(13:47 / Allies) heavylifter11: heal my ehro man
(13:53 / Allies) SERIOUSCRAFT: no light yet
(14:13 / Allies) Waffle)Eat0rs: main
(14:15 / Allies) SERIOUSCRAFT: main
(14:27 / Allies) heavylifter11: dont engage
(14:29 / Allies) heavylifter11: just hit mains
(14:32 / Allies) SERIOUSCRAFT: mine
(14:36 / Allies) SERIOUSCRAFT: then next main
(14:58 / Allies) heavylifter11: after we get them all
(14:59 / Allies) heavylifter11: we max units
(15:11 / All) heavylifter11: gg
(15:14 / All) SERIOUSCRAFT: gg
(15:28 / Allies) SERIOUSCRAFT: gj
(15:31 / Allies) heavylifter11: stop pingign and talk
(16:14 / Allies) heavylifter11: get back in my base yellow
(16:30 / Allies) SERIOUSCRAFT: out
(16:37 / Allies) SERIOUSCRAFT: meet here for gg
(16:44 / Allies) SERIOUSCRAFT: tp all
(17:24 / Allies) SERIOUSCRAFT: gj
(17:31 / Allies) Waffle)Eat0rs: lol
(17:32 / All) SERIOUSCRAFT: gg
(17:42 / Allies) Waffle)Eat0rs: gj